 Dungeon Crawl Stone Soup version 0.29.0-13-gc9e81de378 (webtiles) character file.

Game seed: 5447261014430788756

94 Destapler the Cudgeller (level 4, 0/55 (67) HPs)
             Began as a Troll Berserker on Sept 8, 2022.
             Was a Believer of Trog.
             Slain by a gnoll
             ... wielding a +1 flail of draining
              (7 damage)
             ... on level 3 of the Dungeon.
             The game lasted 00:01:56 (1715 turns).

Destapler the Cudgeller (Troll Berserker)           Turns: 1715, Time: 00:01:56

HP:   0/55 (67)     AC: 22    Str: 25    XL:     4   Next: 38%
MP:   3/3           EV:  1    Int:  3    God:    Trog [**....]
Gold: 103           SH:  0    Dex: 11    Spells: 3/3 levels left

rFire   . . .      SeeInvis .   a - +0 mace
rCold   . . .      Faith    .   (no shield)
rNeg    . . .      Spirit   .   (body armour currently unavailable)
rPois   +          Reflect  .   (helmet currently unavailable)
rElec   .          Harm     .   (cloak currently unavailable)
rCorr   +          Rampage  .   (gloves unavailable)
Will    ++...      NoTele   +   (boots unavailable)
Stlth   +.........              (no amulet)
HPRegen 1.98/turn               l - ring of resist corrosion
MPRegen 0.08/turn               (no ring)

@: tree-form, strong-willed, on berserk cooldown, regenerating, heavily drained
A: stationary, stasis, torment immunity, boosted hp, large, unfitting armour,
(claws 3), regeneration 1, (shaggy fur 1), (tough skin 1)
a: Renounce Religion, Berserk, Trog's Hand


You were on level 3 of the Dungeon.
You worshipped Trog.
Trog was pleased with you.
You were a tree.
You visited 1 branch of the dungeon, and saw 3 of its levels.

You collected 103 gold pieces.

Inventory:

Hand Weapons
 a - a +0 mace (weapon)
Armour
 b - a +0 animal skin (melded)
Jewellery
 l - a ring of resist corrosion (left branch)
Scrolls
 c - 6 scrolls of teleportation {unknown}
 e - 2 scrolls of identify {unknown}
 f - a scroll of magic mapping {unknown}
 g - a scroll of summoning {unknown}
 i - 2 scrolls of fog {unknown}
 k - a scroll of vulnerability {unknown}
 n - a scroll of enchant armour {unknown}
Potions
 h - a potion of curing {unknown}
 j - a potion of degeneration {unknown}
 m - a potion of heal wounds {unknown}


   Skills:
 + Level 3.2 Fighting
 + Level 3.4 Maces & Flails
 + Level 3.1 Dodging


You had 3 spell levels left.
You didn't know any spells.
Your spell library was empty.

Dungeon Overview and Level Annotations

Branches:
Dungeon (3/15)

Altars:
Yredelemnul


Innate Abilities, Weirdness & Mutations

You are a tree.
Your roots penetrate the ground, keeping you stationary.
You cannot be teleported.
You are immune to unholy pain and torment.
Your maximum health is greatly increased.
Your equipment is partially melded.
You are too large for most types of armour.
((You have claws for hands.))
Your natural rate of healing is unusually fast.
((You are covered in fur. (AC +1)))
((You have tough skin. (AC +1)))


Message History

You feel drained.
The gnoll hits you with a +1 flail of draining.
You feel drained.
* * * LOW HITPOINT WARNING * * *
Your skin crawls.
You feel strong-willed. The gnoll barely misses you.
You barely miss the gnoll.
You feel yourself speed up.
The orc priest calls down the wrath of Beogh upon you.
Beogh smites you!
* * * LOW HITPOINT WARNING * * *
The gnoll hits you with a +1 flail of draining.
* * * LOW HITPOINT WARNING * * *
You feel drained.
* * * LOW HITPOINT WARNING * * *
The orc priest begins to cast a cantrip, but forgets the words!
The gnoll hits you but does no damage.
You feel drained.
You barely miss the gnoll.
The gnoll hits you with a +1 flail of draining.
* * * LOW HITPOINT WARNING * * *
You feel drained.
* * * LOW HITPOINT WARNING * * *
Unknown command.
You completely miss the gnoll. The gnoll closely misses you.
The gnoll hits you with a +1 flail of draining.
* * * LOW HITPOINT WARNING * * *
You feel drained.
* * * LOW HITPOINT WARNING * * *
Unknown command.
It was a potion of lignification.
You turn into a tree.
Your +0 animal skin melds into your body.
Your roots penetrate the ground.
The gnoll hits you with a +1 flail of draining.
* * * LOW HITPOINT WARNING * * *
You feel drained.
You hit the gnoll.
The gnoll is heavily wounded.
The gnoll hits you with a +1 flail of draining!
You die...

##### #...###.. ...#
##...##..
##.#########......
##..............#..
##...#########.#..##
#...## #.##..#
#..#.# #.###.)
#.##.# #.# ### ###..
#♣# #.. # #...###g#
##. # ..##..og# . #
## #..So# #
#........... ...
.........###### ##.
.##.##.... ... #..
#.#### ...# ... ..
##.


You could see 2 orc priests, 2 gnolls and an adder.

Vanquished Creatures
  3 adders
  2 worms (D:2)
  4 orcs (D:3)
  5 ball pythons
  7 bats
  6 endoplasms
  A giant cockroach (D:2)
  5 goblins
  5 hobgoblins
  2 quokkas (D:2)
  3 frilled lizards
  6 kobolds
  5 rats
54 creatures vanquished.

Notes
Turn   | Place    | Note
-------+----------+-------------------------------------------
     0 | D:1      | Destapler the Troll Berserker began the quest for the Orb.
     0 | D:1      | Reached XP level 1. HP: 22/22 MP: 0/0
   204 | D:1      | Reached XP level 2. HP: 29/29 MP: 1/1
   851 | D:2      | Reached ** piety under Trog
   852 | D:2      | Reached XP level 3. HP: 29/36 MP: 2/2
   866 | D:2      | Found a basalt altar of Yredelemnul.
  1405 | D:2      | Reached XP level 4. HP: 45/45 MP: 3/3
  1715 | D:3      | Slain by a gnoll

Illustrated notes

Levels and vault maps discovered:
D:1:      minmay_arrival_jagged, layout_loops_corners, minmay_hexomino_f4
D:2:      minmay_diamond_boxcup, layout_basic, basic_altar
D:3:      layout_rooms, gammafunk_temple_overflow_elements, serial_shops,
          shop_coins, ebering_ecumenical_altar_box

Skill      XL: |  1  2  3 |
---------------+----------+-----
Maces & Flails | 3 |  3.4
Fighting       | 3 |  3.2
Dodging        | 3 |  3.1

Action                   |  1- 3 |  4- 6 || total
-------------------------+-------+-------++-------
Melee: Mace              |    98 |    47 ||   145
       Punch             |     1 |       ||     1
Invok: Trog's Hand       |       |     2 ||     2
       Berserk           |       |     1 ||     1
  Use: Potion            |       |     1 ||     1
 Stab: Sleeping          |     2 |       ||     2
Armor: Animal skin       |    25 |    13 ||    38
Dodge: Dodged            |    56 |    41 ||    97
